 Dungeon Sprint DCSS version 0.30-a0-953-g5f1da4a474 (webtiles) character file.

Game seed: 5232792415408139960

613 PLAYERX the Nimble (level 7, -15/57 HPs)
             Began as a Gnoll Wanderer on Mar 28, 2023.
             Was a Believer of Nemelex Xobeh.
             Demolished by a bog body (17 damage)
             ... in the Dungeon (Sprint VII: "The Pits").
             The game lasted 00:12:31 (1012 turns).

PLAYERX the Nimble (Gnoll Wanderer)                 Turns: 1012, Time: 00:12:35

Health: -15/57     AC: 13    Str: 16    XL:     7   Next: 44%
Magic:  15/15      EV:  9    Int: 10    God:    Nemelex Xobeh [**....]
Gold:   0          SH:  0    Dex: 10    Spells: 17/17 levels left

rFire   . . .      SeeInvis .    a - +3 trident
rCold   . . .      Faith    .    (no shield)
rNeg    . . .      Spirit   .    b - +3 chain mail
rPois   .          Reflect  .    (no helmet)
rElec   .          Rampage  .    (no cloak)
rCorr   .          NoTele   +    (no gloves)
Will    .....                    (no boots) Stlth
                                 (no amulet)
HPRegen 0.29/turn                (no ring)
MPRegen 0.14/turn                (no ring)

@: no status effects
A: fangs 1, strong nose, distributed training
a: Renounce Religion, Draw Escape, Draw Destruction, Draw Summoning


You were in the Dungeon.
You worshipped Nemelex Xobeh.
Nemelex Xobeh was pleased with you.
You visited 1 branch

Inventory:

Hand Weapons
 a - a +3 trident (weapon)
Missiles
 k - 10 stones (quivered)
Armour
 b - a +3 chain mail (worn)
Scrolls
 d - a scroll of teleportation
 l - 5 scrolls of amnesia
Potions
 c - 2 potions of invisibility
 e - 5 potions of curing
 h - 4 potions of magic
 i - 2 potions of berserk rage


   Skills:
 + Level 5.7 Fighting
 + Level 5.7 Short Blades
 + Level 7.4 Long Blades
 + Level 5.7 Axes
 + Level 7.4 Maces & Flails
 + Level 5.7 Polearms
 + Level 5.7 Staves
 + Level 5.7 Ranged Weapons
 + Level 5.7 Throwing
 + Level 7.4 Armour
 + Level 8.8 Dodging
 + Level 6.2 Stealth
 + Level 5.7 Shields
 + Level 5.7 Unarmed Combat
 + Level 5.7 Spellcasting
 + Level 4.7 Conjurations
 + Level 4.7 Hexes
 + Level 4.7 Summonings
 + Level 4.7 Necromancy
 + Level 4.7 Translocations
 + Level 4.7 Transmutations
 + Level 4.7 Fire Magic
 + Level 4.7 Ice Magic
 + Level 4.7 Air Magic
 + Level 4.7 Earth Magic
 + Level 4.7 Poison Magic
 + Level 6.3 Invocations
 + Level 5.7 Evocations


You had 17 spell levels left.
You didn't know any spells.
Your spell library was empty.

Dungeon Overview and Level Annotations

Branches:
Dungeon (1/1)

Altars:
Ashenzari
Cheibriados
Dithmenos
Elyvilon
Fedhas
Gozag
Hepliaklqana
Kikubaaqudgha
Makhleb
Nemelex Xobeh
Okawaru
Qazlal
Ru
Sif Muna
Trog
Uskayaw
Vehumet
Wu Jian
Xom
Yredelemnul
Zin
The Shining One
Jiyva
Lugonu


Innate Abilities, Weirdness & Mutations

You have very sharp teeth.
Your uncanny sense of smell can sniff out nearby items.
Your experience applies equally to all skills.


Message History

You reach to attack!
You puncture the bog body!
The bog body is moderately damaged.
The bog body points at you and mumbles some strange words.
The bolt of cold hits you!!
* * * LOW HITPOINT WARNING * * *
You are too injured to fight recklessly!
There is an open door here.
You draw a card...
You have drawn Velocity.
The bog body seems to slow down.
The bog body barely misses you.
You draw a card...
You have drawn the Orb.
Press: ? - help, Shift-Dir - straight line, f/p - bog body
Aim: a bog body (moderately damaged, slow)
Your orb of destruction hits a metal wall. x3
The wavering orb of destruction weakly hits the bog body!
The bog body is heavily damaged.
Your orb of destruction hits a metal wall.
The bog body closely misses you.
Your orb of destruction hits a metal wall.
Your orb of destruction hits a metal wall.
You are too injured to fight recklessly!
Reach: a) +3 trident
Press: ? - help, Dir - move target, f/p - bog body
Aim: a bog body (heavily damaged, slow, about 34% to evade your +3 trident)
You reach to attack!
You hit the bog body.
The bog body is severely damaged.
You barely miss the bog body.
The bog body is severely damaged.
The bog body gestures at you while chanting.
The bolt of cold hits you!
* * * LOW HITPOINT WARNING * * *
You barely miss the bog body.
The bog body is severely damaged.
You closely miss the bog body. Your punch misses the bog body.
The bog body is severely damaged.
The bog body touches you!
* * * LOW HITPOINT WARNING * * *
The bog body freezes you!
You die...
Your body glows slightly and disappears.

#.#..[)))..##.......#
#)###########.......#
#.......# #########
#.......# #...#...#
∆∆∆∆ #..###..#+# ∆∆∆∆
#...#...#.+ ∆
#.......#'# ∆
#....@n.'.# ∆
###########


You could see a bog body (slow).

Vanquished Creatures
  Duvessa (D)
  A floating eye (D)
  A black bear (D)
  A kobold brigand (D)
  2 wights (D)
  An orc priest (D)
  A jelly (D)
  An adder (D)
  A river rat (D)
  3 orcs (D)
  A ball python (D)
  An endoplasm (D)
  A goblin (D)
  A hobgoblin (D)
  A ball python zombie (D)
  A bat (D)
  A kobold (D)
  A rat (D)
21 creatures vanquished.

Vanquished Creatures (collateral kills)
  Dowan (D)
  An orc (D)
2 creatures vanquished.

Vanquished Creatures (others)
  A wight (D)
1 creature vanquished.

Grand Total: 24 creatures vanquished

Notes
Turn   | Place    | Note
-------+----------+-------------------------------------------
     0 | D        | PLAYERX the Gnoll Wanderer began the quest for the Orb.
     0 | D        | PLAYERX set off with the following items: a +2 mace, a +0
                  | falchion, a +0 scale mail, a scroll of teleportation, a
                  | potion of curing, a potion of heal wounds, a potion of
                  | haste, 2 potions of magic, a potion of berserk rage, a
                  | scroll of blinking.
     0 | D        | Reached XP level 1. HP: 13/13 MP: 1/1
    37 | D        | Reached skill level 1 in Fighting
    37 | D        | Reached skill level 1 in Short Blades
    37 | D        | Reached skill level 1 in Axes
    37 | D        | Reached skill level 1 in Polearms
    37 | D        | Reached skill level 1 in Staves
    37 | D        | Reached skill level 1 in Ranged Weapons
    37 | D        | Reached skill level 1 in Throwing
    37 | D        | Reached skill level 1 in Shields
    37 | D        | Reached skill level 1 in Unarmed Combat
    37 | D        | Reached skill level 1 in Spellcasting
    37 | D        | Reached skill level 1 in Conjurations
    37 | D        | Reached skill level 1 in Hexes
    37 | D        | Reached skill level 1 in Summonings
    37 | D        | Reached skill level 1 in Necromancy
    37 | D        | Reached skill level 1 in Translocations
    37 | D        | Reached skill level 1 in Transmutations
    37 | D        | Reached skill level 1 in Fire Magic
    37 | D        | Reached skill level 1 in Ice Magic
    37 | D        | Reached skill level 1 in Air Magic
    37 | D        | Reached skill level 1 in Earth Magic
    37 | D        | Reached skill level 1 in Poison Magic
    37 | D        | Reached skill level 1 in Invocations
    37 | D        | Reached skill level 1 in Evocations
    37 | D        | Reached XP level 2. HP: 20/21 MP: 1/3
    94 | D        | Found a bloodstained altar of Trog.
    94 | D        | Found a shimmering blue altar of Sif Muna.
    94 | D        | Found a viscous altar of Jiyva.
    94 | D        | Found a hazy altar of Hepliaklqana.
    94 | D        | Found an opulent altar of Gozag.
    95 | D        | Found a glowing golden altar of the Shining One.
    95 | D        | Found a glowing silver altar of Zin.
    95 | D        | Found a basalt altar of Yredelemnul.
    95 | D        | Found a shimmering altar of Xom.
    95 | D        | Found an ornate altar of the Wu Jian Council.
    95 | D        | Found a sacrificial altar of Ru.
    95 | D        | Found a stormy altar of Qazlal.
    95 | D        | Found an iron altar of Okawaru.
    95 | D        | Found a sparkling altar of Nemelex Xobeh.
    95 | D        | Found a burning altar of Makhleb.
    95 | D        | Found a blossoming altar of Fedhas.
    95 | D        | Found a white marble altar of Elyvilon.
    95 | D        | Found a shadowy altar of Dithmenos.
    95 | D        | Found a snail-covered altar of Cheibriados.
    97 | D        | Found a radiant altar of Vehumet.
    97 | D        | Found a corrupted altar of Lugonu.
    98 | D        | Found a hide-covered altar of Uskayaw.
    98 | D        | Found an ancient bone altar of Kikubaaqudgha.
    98 | D        | Found a broken altar of Ashenzari.
   104 | D        | Became a worshipper of Nemelex Xobeh the Trickster
   126 | D        | Noticed a floating eye
   128 | D        | Paralysed by a floating eye for 3 turns
   131 | D        | Killed a floating eye
   132 | D        | Reached skill level 5 in Long Blades
   132 | D        | Reached skill level 5 in Maces & Flails
   132 | D        | Reached skill level 5 in Armour
   132 | D        | Reached skill level 7 in Dodging
   132 | D        | Reached XP level 3. HP: 29/29 MP: 3/7
   132 | D        | Reached XP level 4. HP: 35/35 MP: 3/8
   503 | D        | Noticed a kobold brigand
   508 | D        | Reached XP level 5. HP: 35/40 MP: 9/9
   523 | D        | Killed a kobold brigand
   696 | D        | Reached * piety under Nemelex Xobeh
   706 | D        | Received a gift from Nemelex Xobeh
   706 | D        | Noticed Duvessa
   706 | D        | Noticed Dowan
   709 | D        | Noticed a black bear
   714 | D        | Killed Duvessa
   715 | D        | Reached skill level 8 in Dodging
   715 | D        | Reached skill level 5 in Stealth
   715 | D        | Reached skill level 5 in Invocations
   715 | D        | Reached XP level 6. HP: 49/49 MP: 12/12
   721 | D        | Killed a black bear
   722 | D        | Reached skill level 5 in Fighting
   722 | D        | Reached skill level 5 in Short Blades
   722 | D        | Reached skill level 5 in Axes
   722 | D        | Reached skill level 5 in Polearms
   722 | D        | Reached skill level 5 in Staves
   722 | D        | Reached skill level 5 in Ranged Weapons
   722 | D        | Reached skill level 5 in Throwing
   722 | D        | Reached skill level 5 in Shields
   722 | D        | Reached skill level 5 in Unarmed Combat
   722 | D        | Reached skill level 5 in Spellcasting
   722 | D        | Reached skill level 5 in Evocations
   742 | D        | Reached XP level 7. HP: 29/56 MP: 14/14
   793 | D        | Killed Dowan
   997 | D        | Reached ** piety under Nemelex Xobeh
  1001 | D        | Noticed a bog body
  1012 | D        | HP: 2/57 [bog body (7)]
  1012 | D        | Demolished by a bog body

Illustrated notes

Levels and vault maps discovered:
D:        pitsprint [storerooms_1, entrance_room_1, metal_vault_5, armoury_1,
          mini_pit_1, grid_room_1, main_hall_1, silver_pit, the_coven_3,
          the_vestibule_1, steel_vault_5, golden_pit, hallway_of_sentries,
          crystal_vault_4, iron_vault_4, final_vault]

Skill      XL: |  1  2  3  4  5  6  7 |
---------------+----------------------+-----
Fighting       | 1 3 4 5 |  5.7
Short Blades   | 1 3 4 5 |  5.7
Axes           | 1 3 4 5 |  5.7
Polearms       | 1 3 4 5 |  5.7
Staves         | 1 3 4 5 |  5.7
Ranged Weapons | 1 3 4 5 |  5.7
Throwing       | 1 3 4 5 |  5.7
Shields        | 1 3 4 5 |  5.7
Unarmed Combat | 1 3 4 5 |  5.7
Spellcasting   | 1 3 4 5 |  5.7
Conjurations   | 1 2 3 4 |  4.7
Hexes          | 1 2 3 4 |  4.7
Summonings     | 1 2 3 4 |  4.7
Necromancy     | 1 2 3 4 |  4.7
Translocations | 1 2 3 4 |  4.7
Transmutations | 1 2 3 4 |  4.7
Fire Magic     | 1 2 3 4 |  4.7
Ice Magic      | 1 2 3 4 |  4.7
Air Magic      | 1 2 3 4 |  4.7
Earth Magic    | 1 2 3 4 |  4.7
Poison Magic   | 1 2 3 4 |  4.7
Invocations    | 1 3 5 6 |  6.3
Evocations     | 1 3 4 5 |  5.7
Long Blades    | 5 6 7 |  7.4
Maces & Flails | 5 6 7 |  7.4
Armour         | 5 6 7 |  7.4
Dodging        | 7 8 |  8.8
Stealth        | 4 5 6 |  6.2

Action                     |  1- 3 |  4- 6 |  7- 9 || total
---------------------------+-------+-------+-------++-------
  Melee: Mace              |     9 |       |       ||     9
         Bite              |     1 |     1 |     4 ||     6
         Trident           |     5 |    51 |    43 ||    99
         Punch             |       |     1 |     1 ||     2
  Throw: Stone             |       |     1 |       ||     1
 Invoke: Draw Escape       |       |       |     1 ||     1
         Draw Destruction  |       |       |     1 ||     1
    Use: Potion            |       |     6 |     3 ||     9
         Scroll            |       |     1 |     1 ||     2
 Armour: Scale mail        |     3 |     7 |       ||    10
         Chain mail        |       |    31 |     9 ||    40
  Dodge: Dodged            |     6 |    38 |    20 ||    64

Table legend: (Time is in decaauts)
 A = Elapsed time spent in this place.
 B = Non-inter-level travel time spent in this place.
 C = Inter-level travel time spent in this place.
 D = Time resting spent in this place.
 E = Time spent auto-exploring this place.
 F = Levels seen in this place.
 G = Mean time per level.
                   A        B        C        D        E       F      G
               +--------+--------+--------+--------+--------+-----+--------+
         Total |   1006 |   1006 |      0 |    647 |      0 |   1 | 1006.0 |
       Dungeon |   1006 |   1006 |      0 |    647 |      0 |   1 | 1006.0 |
               +--------+--------+--------+--------+--------+-----+--------+

Top non-repeatable levels by time:
       D: 1006 daAuts
